AoeStats
← Barón de la Cerveza

MegaRandom

504346824Analyzed
1v1 RM · 29d ago on Sep 5, 2026· 38m 17s· 2 players
Game mode
Random Map
Map size
Tiny (2 player)
Population
200
Speed
Normal
Resources
Standard
Victory
Conquest
Starting age
Dark Age
Ending age
Imperial Age
RankedLock teamsTeams togetherTeam positionsShared explorationLock speedFull tech treeHidden civsTurbo modeCheats
Victory
Defeat
🇺🇸 Khitans · United States
1754
+17
🇲🇽 Byzantines · Mexico
1780
-17
vilage idoit
3:20 Loom
10:46 Feudal Age
11:21 Double-Bit Axe
15:04 Forging
18:11 Fletching
21:48 Castle Age
24:48 Iron Casting
28:19 Scale Mail Armor
31:22 Pikeman
34:46 Medium Warships
Barón de la Cerveza
11:03 Feudal Age
11:51 Double-Bit Axe
13:05 Horse Collar
16:23 Loom
20:43 Castle Age
20:10 Scale Barding Armor
31:06 Imperial Age
29:17 Wheelbarrow
31:44 Sanctity
32:49 Forging
33:00 Bow Saw
36:27 Fletching
38:31 Medium Warships
Connection lost

Rejoining the realm…

Still unreachable

The connection could not be restored.

Session expired

The server has moved on; the page needs a fresh start.